 Dungeon Crawl Stone Soup version bcrawl-1.21.2-28-g2cb1824106 (webtiles) character file.

Game seed: 17774925019117154591

31 MisterOstroum the Caller (level 3, -2/26 HPs)
             Began as a Demonspawn Summoner on Mar 10, 2020.
             Slain by Crazy Yiuf
             ... wielding a +4 quarterstaff of chaos
              (10 damage)
             ... on level 2 of the Dungeon.
             The game lasted 00:05:34 (3982 turns).

MisterOstroum the Caller (Demonspawn Summoner)      Turns: 3982, Time: 00:05:34

Health: -2/26      AC:  9    Str:  8    XL:     3   Next: 7%
Magic:  6/6        EV: 12    Int: 19    God:
Gold:   98         SH:  0    Dex: 13    Spells: 3/6 levels left

rFire    . . .     SeeInvis .   k - +0 dagger
rCold    . . .     Gourm    .   (no shield)
rNeg     . . .     Faith    .   a - +0 robe
rPois    .         Spirit   .   (no helmet)
rElec    .         Reflect  .   (no cloak)
rCorr    .         Harm     .   (no gloves)
MR       .....                  s - +0 pair of boots
Stlth    ++........             (no amulet)
HPRegen  0.08/turn              l - +2 ring of intelligence
MPRegen  0.10/turn              (no ring)

@: sanguine armour
A: sanguine armour 1
a: no special abilities


You were on level 2 of the Dungeon.
You were not hungry.

You visited 1 branch of the dungeon, and saw 2 of its levels.

You collected 98 gold pieces.

Inventory:

Hand Weapons
 b - a +0 club
 h - a +0 hunting sling
 k - a +0 dagger (weapon)
Missiles
 o - 40 tomahawks (quivered)
 t - 134 arrows
 u - 174 bolts
Armour
 a - a +0 robe (worn)
 s - a +0 pair of boots (worn)
Jewellery
 l - a +2 ring of intelligence (left hand)
Scrolls
 c - a scroll of summoning
 d - a scroll of remove curse {unknown}
 f - a scroll of blinking {unknown}
 i - a scroll of teleportation {unknown}
 j - 2 scrolls of amnesia {unknown}
 m - 2 scrolls of identify {unknown}
 n - a scroll of immolation {unknown}
 q - a scroll of enchant weapon {unknown}
Potions
 p - a potion of might {unknown}
 r - a potion of heal wounds {unknown}
Comestibles
 e - 2 rations {!d}


   Skills:
 * Level 1.4 Fighting
 * Level 1.3 Slings
 - Level 1.7 Dodging
 + Level 2.5 Stealth
 - Level 2.0 Spellcasting
 - Level 4.0 Summonings


You had 3 spell levels left.
You knew the following spells:

 Your Spells              Type           Power        Failure   Level  Hunger
a - Summon Small Mammal   Summ           ###.         3%          1    #......
b - Call Imp              Summ           ###...       4%          2    ###....

Your spell library contained the following spells:

 Spells                   Type           Power        Failure   Level  Hunger
 Call Canine Familiar     Summ           ###.....     10%         3    ###....
 Summon Ice Beast         Ice/Summ       #.......     58%         4    #####..
 Summon Lightning Spire   Summ/Air       #.......     90%         5    ######.


Dungeon Overview and Level Annotations

Branches:
Dungeon (2/12)

Altars:
Fedhas

Annotations:
D:2 Crazy Yiuf


Innate Abilities, Weirdness & Mutations

When seriously injured, your bleeding wounds create armour. (AC +6)


Message History

A beastly little devil appears in a puff of flame.
Casting: Call Imp (safe; 4% risk of failure)
Confirm with . or Enter, or press ? or * to list all spells.
A beastly little devil appears in a puff of flame.
Crazy Yiuf shouts!
Your crimson imp hits Crazy Yiuf but does no damage.
Crazy Yiuf hits your crimson imp with a +4 quarterstaff of chaos.
Your crimson imp blinks!
Your crimson imp barely misses Crazy Yiuf.
Crazy Yiuf yells, "Orb!"
Your crimson imp hits Crazy Yiuf but does no damage.
Throwing (i - inventory)
o - 41 tomahawks (quivered)
Press: ? - help, Shift-Dir - straight line, f - Crazy Yiuf
Aim: Crazy Yiuf, wielding a +4 quarterstaff of chaos and wearing a +0 cloak (translocational energy)
You throw a tomahawk. The tomahawk hits Crazy Yiuf.
Crazy Yiuf is lightly wounded.
Your crimson imp blinks!
Your crimson imp hits Crazy Yiuf.
You barely miss Crazy Yiuf.
Crazy Yiuf is moderately wounded.
Crazy Yiuf misses you.
Your crimson imp barely misses Crazy Yiuf.
You closely miss Crazy Yiuf.
Crazy Yiuf is moderately wounded.
Crazy Yiuf hits you with a +4 quarterstaff of chaos!
Ouch! That really hurt!
Your blood congeals into armour.
You are lethally poisoned!
Your crimson imp misses Crazy Yiuf.
Your crimson imp hits Crazy Yiuf but does no damage.
You hit Crazy Yiuf but do no damage.
Crazy Yiuf is moderately wounded.
You feel sick. Crazy Yiuf barely misses you.
Your crimson imp hits Crazy Yiuf but does no damage.
Your crimson imp hits Crazy Yiuf.
You hit Crazy Yiuf but do no damage.
Crazy Yiuf is heavily wounded.
You feel sick.
Crazy Yiuf says, "Shadow!"
Crazy Yiuf closely misses you.
Your crimson imp hits Crazy Yiuf but does no damage.
Your crimson imp hits Crazy Yiuf.
It was a potion of curing.
You feel better. Crazy Yiuf closely misses you.
Your crimson imp hits Crazy Yiuf.
Your crimson imp blinks!
Unknown command.
Your crimson imp hits Crazy Yiuf.
You hit Crazy Yiuf but do no damage.
Crazy Yiuf is severely wounded.
Crazy Yiuf cries, "Cholesterol cloud water!"
Crazy Yiuf hits you but does no damage.
You are poisoned.
You feel sick.
Crazy Yiuf says, "Fire!"
You feel sick.
Your crimson imp hits Crazy Yiuf.
You feel sick.
You feel sick.
Crazy Yiuf laughs, "Citrus!
Aardvark senile bag."
You feel sick.
Your crimson imp blinks!
Crazy Yiuf completely misses you.
Your crimson imp blinks!
You feel sick.
You feel sick.
Your crimson imp blinks!
Crazy Yiuf barely misses you.
You feel sick.
You are no longer poisoned.
Crazy Yiuf whimpers, "Cholesterol horse spinner!"
Your crimson imp blinks!
Crazy Yiuf hits you but does no damage.
You are lethally poisoned!
You feel sick.
* * * LOW HITPOINT WARNING * * *
You feel sick.
* * * LOW HITPOINT WARNING * * *
You feel sick.
* * * LOW HITPOINT WARNING * * *
You feel sick.
Press: ? - help, v - describe, . - travel
Here: Crazy Yiuf, wielding a +4 quarterstaff of chaos and wearing a +0 cloak (severely wounded)
The floor.
Unknown command.
Press: ? - help, v - describe, . - travel
Here: Crazy Yiuf, wielding a +4 quarterstaff of chaos and wearing a +0 cloak (severely wounded)
The floor.
You aren't carrying any items that you can evoke.
Unknown command.
Unknown command.
Press: ? - help, v - describe, . - travel
Here: Crazy Yiuf, wielding a +4 quarterstaff of chaos and wearing a +0 cloak (severely wounded)
The floor.
You aren't carrying any items that you can evoke.
Really quaff
g - a potion of curing {@q1 !q}?
You feel better.
You hit Crazy Yiuf.
Crazy Yiuf is almost dead.
Crazy Yiuf hits you with a +4 quarterstaff of chaos!
You convulse!
You die...

#.# ### #...# #.# #.# #...#
#.# ##.## ###.# #.# ##...##
#.# ##.########.....# #.#
##...#.....##...##########.#
#.#........###.............#
##.#.#.##..###.....#########
##.##.##.5g@......#
####.....###.....# #######
#....## ##### #.#### #...#
#.# ###...### #.##########
#.......###.##.......#
#................###.#
#.......###.##.#.###.#####


You could see Crazy Yiuf and a friendly crimson imp.

Vanquished Creatures
  A worm (D:2)
  2 bats
  2 giant cockroaches
  A goblin (D:2)
  A hobgoblin (D:2)
  A quokka (D:1)
  A frilled lizard (D:1)
  4 kobolds
  3 rats
16 creatures vanquished.

Vanquished Creatures (collateral kills)
  A worm (D:2)
  2 giant cockroaches (D:2)
  4 hobgoblins
  2 jackals (D:1)
  4 bats
  A goblin (D:1)
14 creatures vanquished.

Grand Total: 30 creatures vanquished

Notes
Turn   | Place    | Note
-------+----------+-------------------------------------------
     0 | D:1      | MisterOstroum the Demonspawn Summoner began the quest for
                  | the Orb.
     0 | D:1      | Reached XP level 1. HP: 13/13 MP: 3/3
  1143 | D:1      | Gained mutation: When seriously injured, your bleeding
                  | wounds create armour. (AC +6) [demonic ancestry]
  1143 | D:1      | Reached XP level 2. HP: 20/20 MP: 5/5
  1455 | D:1      | Learned a level 2 spell: Call Imp
  1962 | D:1      | Reached skill level 1 in Fighting
  2400 | D:2      | Reached skill level 1 in Slings
  2774 | D:2      | Found a runed door.
  2832 | D:2      | Found a blossoming altar of Fedhas.
  3050 | D:2      | Reached XP level 3. HP: 10/26 MP: 4/6
  3938 | D:2      | Noticed Crazy Yiuf
  3982 | D:2      | Slain by Crazy Yiuf

Skill      XL: |  1  2 |
---------------+-------+-----
Fighting       | 1 |  1.4
Slings         | 1 |  1.3
Dodging        | |  1.7
Stealth        | |  2.5
Spellcasting   | |  2.0
Summonings     | |  4.0

Action                   || total
-------------------------++-------
Melee: Club              ||    63
       Unarmed           ||    24
       Dagger            ||   136
Throw: Tomahawk          ||     4
 Cast: Summon Small Mamm ||    13
       Call Imp          ||    13
  Use: Potion            ||     2
 Stab: Sleeping          ||     1
  Eat: Chunk             ||     8
       Ration            ||     1
Armor: Robe              ||   102
Dodge: Dodged            ||   197
